 Dungeon Crawl Stone Soup version 0.13-a0-2484-gc765b08 (webtiles) character file.

7783 JogiH the Conjurer (level 10, -1/90 HPs)
             Began as a Djinni Wizard on July 20, 2013.
             Was a Priest of Sif Muna.
             Slain by a black bear (3 damage)
             ... on Level 11 of the Dungeon on July 21, 2013.
             The game lasted 01:21:58 (26290 turns).

JogiH the Conjurer (Djinni Wizard)                 Turns: 26290, Time: 01:21:58

HP  -1/90        AC  7     Str  7      XL: 10   Next: 88%
MP   0/0         EV 11     Int 23      God: Sif Muna [***...]
Gold 534         SH  0     Dex 11      Spells:  9 memorised, 10 levels left

Res.Fire  : + + +   See Invis. : .   p - +0 quarterstaff
Res.Cold  : . . .   Warding    : .   x - +2 orc leather armour {rC+}
Life Prot.: + + +   Conserve   : .   (no shield)
Res.Poison: .       Res.Corr.  : .   b - +0 wizard hat
Res.Elec. : .       Clarity    : .   F - +0 cloak
Sust.Abil.: + .     Spirit.Shd : .   v - +0 pair of gloves
Res.Mut.  : .       Stasis     : .   (boots unavailable)
Res.Rott. : .       Flight     : .   (no amulet)
Saprovore : . . .                    V - ring of magical power
                                     B - ring of sustain abilities

@: somewhat resistant to hostile enchantments, unstealthy
A: no striking features
a: Channel Energy, Forget Spell, Renounce Religion


You were on level 11 of the Dungeon.
You worshipped Sif Muna.
Sif Muna was greatly pleased with you.
You were not hungry.

You visited 2 branches of the dungeon, and saw 12 of its levels.

You collected 514 gold pieces.

Inventory:

Hand weapons
 l - a cursed +1,+2 trident of dragon slaying
 n - a +0,+0 crossbow of evasion
 p - a +0,+0 quarterstaff (weapon)
 K - a +0,+2 whip of electrocution
 N - a +1,+2 dwarven anti-magic war axe
 P - a +2,+1 orcish hand axe of electrocution (quivered)
Missiles
 o - 16 bolts
Armour
 a - a +0 robe
 b - a +0 wizard hat (worn)
 g - a +0 pair of gauntlets
 v - a +0 pair of gloves (worn)
 x - a +2 orcish leather armour of cold resistance (worn)
 F - a +0 cloak (worn)
Magical devices
 r - a wand of lightning (6) {unknown}
 y - a wand of enslavement (14) {unknown}
 E - a wand of confusion (9) {unknown}
 I - a wand of paralysis (9) {unknown}
 Q - a wand of random effects (17) {unknown}
Comestibles
 S - a royal jelly
Scrolls
 f - a scroll of random uselessness
 h - 5 scrolls of curse weapon {unknown}
 i - 4 scrolls of identify
 j - 6 scrolls of remove curse {unknown}
 k - a scroll of curse armour {unknown}
 m - a scroll of enchant weapon II {unknown}
 s - 2 scrolls of fog {unknown}
 t - a scroll of blinking {unknown}
 w - a scroll of fear {unknown}
 D - a scroll of magic mapping {unknown}
 G - a scroll of vulnerability {unknown}
 L - a scroll of recharging {unknown}
 W - a scroll of enchant weapon III {unknown}
Jewellery
 A - an uncursed ring of ice
 B - a ring of sustain abilities (left hand)
 C - an uncursed ring of protection from fire
 O - the amulet "Diyr" {Inacc Str+3 Dex+4}
   (You found it on level 6 of the Dungeon)

   [amulet of inaccuracy]

   It affects your strength (+3).
   It affects your dexterity (+4).
 T - a +3 ring of dexterity
 V - a ring of magical power (right hand)
 X - an uncursed ring of protection from cold {unknown}
 Y - an uncursed amulet of clarity {unknown}
Potions
 d - 3 potions of curing
 e - 2 potions of agility {unknown}
 u - a potion of brilliance {unknown}
 z - 3 potions of heal wounds {unknown}
 H - a potion of poison {unknown}
 J - a potion of flight {unknown}
 M - a potion of berserk rage {unknown}
 R - a potion of magic {unknown}
 U - 2 potions of slowing {unknown}
Books
 c - a book of Minor Magic

   Spells                             Type                      Level
   *Magic Dart                        Conjuration                  1
   *Blink                             Translocation                2
   *Call Imp                          Summoning                    2
   *Repel Missiles                    Charms/Air                   2
   *Slow                              Hexes                        2
   *Conjure Flame                     Conjuration/Fire             3
   *Mephitic Cloud                    Conjuration/Poison/Air       3
 q - a book of Spatial Translocations

   Spells                             Type                      Level
   *Apportation                       Translocation                1
   Portal Projectile                  Translocation                2
   *Blink                             Translocation                2
   *Shroud of Golubria                Charms/Translocation         2
   Teleport Other                     Translocation                3
   Passage of Golubria                Translocation                4


   Skills:
 + Level 2.9 Armour
 + Level 3.2 Dodging
 * Level 3.6 Stealth
 + Level 9.9 Spellcasting
 * Level 10.8 Conjurations
 - Level 4.2 Hexes
 * Level 2.3 Charms
 - Level 4.1 Summonings
 * Level 3.9 Translocations
 - Level 1.0 Fire Magic
 - Level 2.0 Air Magic
 - Level 1.0 Poison Magic
 * Level 4.6 Invocations


You had 10 spell levels left.
You knew the following spells:

 Your Spells              Type           Power        Failure   Level  Hunger
a - Magic Dart            Conj           ####         1%          1    None
b - Blink                 Tloc           N/A          1%          2    None
c - Call Imp              Summ           ####......   1%          2    None
d - Conjure Flame         Conj/Fire      #####...     1%          3    None
e - Mephitic Cloud        Conj/Pois/Air  ####....     2%          3    None
f - Repel Missiles        Chrm/Air       ###.......   3%          2    None
g - Slow                  Hex            ####....     1%          2    None
h - Apportation           Tloc           ####......   1%          1    None
i - Shroud of Golubria    Chrm/Tloc      ####......   2%          2    None


Dungeon Overview and Level Annotations

Branches:
Dungeon (11/27)            Temple (1/1) D:7             Orc (0/4) D:9
   Lair: D:8-13

Altars:
Ashenzari
Cheibriados
Elyvilon
Fedhas
Kikubaaqudgha
Makhleb
Nemelex Xobeh
Okawaru
Sif Muna
Trog
Vehumet
Xom
Yredelemnul
Zin
the Shining One

Shops:
D:7: %

Annotations
D:11 Joseph


Message History

The black bear claws you.
* * * LOW HITPOINT WARNING * * *
The black bear claws you but does no damage.
The black bear rages.
The black bear bites you but does no damage.
The black bear claws you.
* * * LOW HITPOINT WARNING * * *
The black bear closely misses you. The black bear barely misses you.
The black bear claws you but does no damage.
The black bear closely misses you.
The black bear rages.
The black bear misses you. The black bear claws you.
* * * LOW HITPOINT WARNING * * *
The black bear barely misses you.
The black bear is no longer berserk.
The black bear bites you.
* * * LOW HITPOINT WARNING * * *
The black bear claws you but does no damage.
The black bear claws you.
You die...

...@.#.....>#...#
.....#......#...# ..#
.....#......#...# ..#
.....# .....#%..# ..# .
.....# ...#...# ..#..#
.....######'#...####'##..#
.........................#
....((...@...............#
...............U@........#
#################........#
#..%.....# #..<######
#...# #...# #...# #####


You could see Joseph and a black bear.

Vanquished Creatures
  A yaktaur captain (D:8)
  4 yaktaurs (D:8)
  A troll (D:11)
  4 yaks
  A hungry ghost (D:7)
  Edmund (D:6)
  A black bear (D:10)
  A sky beast (D:8)
  2 phantoms
  5 centaurs
  6 orc warriors
  4 ogres
  A big kobold (D:9)
  6 giant frogs
  An eye of draining (D:11)
  A troll zombie (D:11)
  9 killer bees
  A centaur zombie (D:6)
  5 crimson imps
  A goliath beetle (D:8)
  7 orc priests
  3 centaur skeletons
  A giant frog zombie (D:6)
  3 hounds
  14 orc wizards
  A giant frog skeleton (D:9)
  12 worker ants
  2 scorpions
  7 jellies
  A mottled dragon zombie (D:10)
  Ijyb (D:4)
  A hound zombie (D:6)
  2 ogre skeletons
  A worker ant zombie (D:9)
  A mummy (D:7)
  6 gnolls
  7 adders
  A giant centipede (D:10)
  A giant mite (D:6)
  An inept feature mimic (D:7)
  3 worms
  An iguana zombie (D:7)
  An adder zombie (D:9)
  2 giant eyeballs
  4 giant geckos
  50 orcs
  A ball python (D:2)
  19 bats
  A bat skeleton (D:4)
  5 giant cockroaches
  15 goblins
  15 hobgoblins
  4 jackals (D:5)
  5 quokkas
  6 giant newts
  A hobgoblin skeleton (D:4)
  28 kobolds
  13 rats
  A rat skeleton (D:4)
304 creatures vanquished.

Vanquished Creatures (collateral kills)
  An eye of draining (D:8)
  A worker ant (D:2)
  A mummy (D:11)
  5 adders
  2 oozes
  2 orcs
  3 hobgoblins
  2 jackals (D:2)
  A quokka (D:4)
  A giant cockroach (D:2)
  A giant newt (D:2)
  A goblin (D:2)
  5 kobolds
26 creatures vanquished.

Vanquished Creatures (others)
  An orc warrior (D:9)
  A crimson imp (D:11)
  3 iron imps
  A worker ant (D:9)
  A shadow imp (D:4)
  2 white imps
  3 orcs (D:9)
12 creatures vanquished.

Grand Total: 342 creatures vanquished

Notes
Turn   | Place    | Note
--------------------------------------------------------------
     0 | D:1      | JogiH, the Djinni Wizard, began the quest for the Orb.
     0 | D:1      | Reached XP level 1. HP: 14/14 MP: 0/0
   113 | D:1      | Reached skill level 4 in Spellcasting
   230 | D:1      | Reached XP level 2. EP: 19/23
   265 | D:1      | Learned a level 2 spell: Blink
   268 | D:1      | Learned a level 2 spell: Call Imp
  1693 | D:2      | Reached XP level 3. EP: 22/29
  2955 | D:2      | Learned a level 3 spell: Conjure Flame
  3032 | D:2      | Learned a level 3 spell: Mephitic Cloud
  3701 | D:2      | Reached skill level 5 in Spellcasting
  3701 | D:2      | Reached XP level 4. EP: 2/38
  3922 | D:3      | Noticed a phantom
  4335 | D:4      | Noticed Ijyb
  4839 | D:4      | Reached XP level 5. EP: 20/44
  5399 | D:3      | Killed a phantom
  5399 | D:3      | Reached XP level 6. EP: 20/53
  6646 | D:4      | Paralysed by a giant eyeball for 4 turns
  6670 | D:4      | Paralysed by a giant eyeball for 4 turns
  6703 | D:3      | Reached skill level 6 in Spellcasting
  7008 | D:3      | Learned a level 2 spell: Repel Missiles
  7011 | D:3      | Learned a level 2 spell: Slow
  7343 | D:4      | Reached skill level 5 in Conjurations
  7679 | D:4      | Killed Ijyb
  8297 | D:4      | Reached XP level 7. EP: 55/59
  8718 | D:5      | Entered Level 5 of the Dungeon
  9161 | D:5      | Reached skill level 1 in Fire Magic
  9599 | D:5      | Reached skill level 1 in Air Magic
 10126 | D:5      | Reached skill level 7 in Spellcasting
 10683 | D:5      | Reached skill level 1 in Poison Magic
 10683 | D:5      | Reached XP level 8. EP: 46/67
 11720 | D:6      | Got a heavily runed zirconium amulet
 11721 | D:6      | Identified the amulet "Diyr" {Inacc Str+3 Dex+4} (You found it on level 6 of the Dungeon)
 12266 | D:6      | Noticed Edmund
 12438 | D:6      | Killed Edmund
 12671 | D:6      | Found a white marble altar of Elyvilon.
 12757 | D:6      | Reached skill level 8 in Conjurations
 13483 | D:7      | Found a staircase to the Ecumenical Temple.
 13516 | Temple   | Entered the Ecumenical Temple
 13693 | Temple   | Became a worshipper of Sif Muna the Loreminder
 14361 | D:7      | Reached XP level 9. EP: 46/74
 14515 | D:7      | Found Wuyvvoren's Food Shoppe.
 15013 | D:7      | Acquired Sif Muna's first power
 15013 | D:7      | Reached skill level 9 in Conjurations
 15282 | D:8      | Reached skill level 1 in Charms
 15539 | D:8      | Reached skill level 1 in Hexes
 15886 | D:8      | Reached skill level 1 in Armour
 16106 | D:8      | Reached skill level 1 in Invocations
 17201 | D:9      | Learned a level 1 spell: Apportation
 17205 | D:9      | Learned a level 2 spell: Shroud of Golubria
 18902 | D:9      | Acquired Sif Muna's second power
 20262 | D:9      | Reached XP level 10. EP: 33/81
 21099 | D:8      | Reached skill level 10 in Conjurations
 22139 | D:8      | Noticed a yaktaur captain
 22157 | D:8      | Killed a yaktaur captain
 22831 | D:9      | Found a staircase to the Orcish Mines.
 23730 | D:10     | Entered Level 10 of the Dungeon
 25851 | D:11     | Noticed Joseph
 26290 | D:11     | HP: 2/90 [black bear (4)]
 26290 | D:11     | Slain by a black bear

Action                   |  1- 3 |  4- 6 |  7- 9 | 10-12 || total
-------------------------+-------+-------+-------+-------++-------
Melee: Unarmed           |     8 |    17 |       |       ||    25
       Quarterstaff      |       |    19 |    93 |    32 ||   144
 Cast: Magic Dart        |    93 |   144 |   496 |   259 ||   992
       Call Imp          |    13 |    14 |     6 |     5 ||    38
       Conjure Flame     |       |    15 |    64 |    29 ||   108
       Mephitic Cloud    |       |    12 |    50 |    23 ||    85
       Repel Missiles    |       |       |     6 |     4 ||    10
       Blink             |       |       |     2 |     1 ||     3
       Shroud of Golubri |       |       |       |     3 ||     3
Invok: Channel Energy    |       |       |    25 |    18 ||    43
  Use: Potion            |       |     1 |     1 |       ||     2
       Scroll            |       |       |     4 |       ||     4
 Stab: Distracted        |       |     1 |       |       ||     1
       Confused          |       |       |     3 |       ||     3
